 Dungeon Crawl Stone Soup version 0.31-a0-187-gba352fbbf7 (webtiles) character file.

Game seed: 2586053214978611479

147 qw the Skirmisher (level 5, -1/29 HPs)
             Began as a Deep Elf Hunter on June 22, 2023.
             Slain by a kobold
             ... wielding a +1 dagger of venom
              (4 damage)
             ... in a sewer.
             The game lasted 00:00:38 (1388 turns).

qw the Skirmisher (Deep Elf Hunter)                 Turns: 1388, Time: 00:00:38

Health: -1/29      AC:  6    Str: 10    XL:     5   Next: 8%
Magic:  7/7        EV: 16    Int: 14    God:
Gold:   87         SH:  0    Dex: 18    Spells: 4/4 levels left

rFire   + . .        Y - +0 shortbow
rCold   . . .        (shield currently unavailable)
rNeg    . . .        d - +0 ring mail
rPois   .            (no helmet)
rElec   .            (no cloak)
rCorr   .            (no gloves)
SInv    .            f - +0 pair of boots
Will    .....        (no amulet)
Stlth   +            h - +5 ring of evasion
HPRegen 0.24/turn    i - ring of protection from fire
MPRegen 0.10/turn

%: no passive effects
@: lethally poisoned (-1 -> -17)
A: no striking features
a: no special abilities


You were in a sewer.
You visited 1 branch of the dungeon, and saw 3 of its levels.
You also visited: Sewer.

You collected 87 gold pieces.


   Skills:
 - Level 1.5 Fighting
 + Level 8.5 Ranged Weapons
 - Level 2.4 Dodging
 - Level 1.2 Stealth


You had 4 spell levels left.
You didn't know any spells.
Your spell library was empty.

Inventory:

Hand Weapons
 Y - a +0 shortbow (weapon)
Armour
 d - a +0 ring mail (worn)
 f - a +0 pair of boots (worn)
Jewellery
 h - a +5 ring of evasion (left hand)
 i - a ring of protection from fire (right hand)
Potions
 a - a potion of brilliance {unknown}
 b - a potion of enlightenment {unknown}
 e - a potion of heal wounds {unknown}
 g - a potion of mutation {unknown}

Dungeon Overview and Level Annotations

Branches:
Dungeon (3/15)              Sewer (1/1)

Altars:
Qazlal


Message History

The kobold throws a stone.
The stone hits you but does no damage.
You shoot an arrow. The arrow misses the kobold brigand.
The arrow hits the kobold.
The kobold is severely wounded.
You shoot an arrow. The arrow hits the kobold brigand.
The kobold brigand is moderately wounded.
You shoot an arrow.
The arrow barely misses the kobold brigand.
The kobold brigand hits you with a +0 short sword.
You shoot an arrow. The arrow barely misses the kobold.
The kobold misses you. The kobold brigand barely misses you.
The kobold hits you but does no damage.
You shoot an arrow. The arrow closely misses the kobold.
The arrow hits the kobold!
You kill the kobold!
The kobold hits you with a +1 dagger of venom.
You are poisoned.
The kobold brigand hits you with a +0 short sword.
The kobold hits you but does no damage.
You shoot an arrow. The arrow hits the kobold.
You kill the kobold!
You feel very sick. The kobold brigand misses you.
The kobold hits you but does no damage.
You are more poisoned.
You shoot an arrow. The arrow hits the kobold brigand!
The kobold brigand is heavily wounded.
You feel very sick. The kobold brigand misses you.
The kobold hits you with a +1 dagger of venom.
You are more poisoned.
You shoot an arrow.
The arrow barely misses the kobold brigand.
You feel very sick.
The kobold brigand hits you but does no damage.
The kobold hits you with a +1 dagger of venom.
You shoot an arrow. The arrow misses the kobold brigand.
You feel very sick. The kobold brigand misses you.
The kobold hits you with a +1 dagger of venom.
You die...

### ###
..#.? .....
~~ ##...##
~~~ .....
~~~~ .).
~~~~###)##
~~~~~~K@K##
~~~~~~....#
~~~~~~....#
~~~~~~....##
~~~~~~.....#
~~~~~~.....#
~~~~~......#
~~~~~.....##
~~~~~..%..#


You could see a kobold brigand and a kobold.

Vanquished Creatures
  A howler monkey (D:1)
  Jessica (D:3)
  A river rat (Sewer)
  4 adders (D:3)
  2 dart slugs
  3 ball pythons (D:1)
  A bat (D:2)
  3 endoplasms
  2 giant cockroaches
  3 hobgoblins
  4 kobolds
  2 quokkas
  2 frilled lizards
  2 goblins (D:2)
  5 rats
36 creatures vanquished.

Notes
Turn   | Place    | Note
-------+----------+-------------------------------------------
     0 | D:1      | qw the Deep Elf Hunter began the quest for the Orb.
     0 | D:1      | Reached XP level 1. HP: 12/12 MP: 3/3
     0 | D:1      | 0 ||| qw: Version: 0.3-a-9-g12657ce
     0 | D:1      | 0 ||| qw: Game counter: 2419
     0 | D:1      | 0 ||| qw: Always use a shield: true
     0 | D:1      | 0 ||| qw: God list: Okawaru
     0 | D:1      | 0 ||| qw: Allow faded altars: false
     0 | D:1      | 0 ||| qw: Do Orc after D:15 true
     0 | D:1      | 0 ||| qw: Do second Lair branch before Depths: true
     0 | D:1      | 0 ||| qw: Lair rune preference: random
     0 | D:1      | 0 ||| qw: Plans: Normal
     0 | D:1      | 0 ||| PLANNING D:1-11
   181 | D:1      | Reached skill level 6 in Ranged Weapons
   181 | D:1      | Reached XP level 2. HP: 16/16 MP: 4/4
   258 | D:1      | Found a faded altar of an unknown god.
   529 | D:1      | 529 ||| UPGRADING to +0 pair of boots.
   534 | D:1      | 534 ||| UPGRADING to +5 ring of evasion.
   535 | D:1      | 535 ||| READING scroll labelled QESOHAMYU.
   536 | D:1      | 536 ||| READING scroll labelled VUTONI FEANYEKOTH.
   540 | D:1      | 540 ||| READING scroll labelled EXIRIG ZOPROC.
   541 | D:1      | 541 ||| READING scroll labelled UCWYSO BEPSU.
   542 | D:1      | 542 ||| DROPPING scroll of butterflies.
   564 | D:2      | Noticed a howler monkey
   567 | D:2      | 567 ||| STAIRDANCE
   585 | D:2      | 585 ||| STAIRDANCE
   589 | D:1      | HP: 4/16 [howler monkey (2)]
   595 | D:1      | Killed a howler monkey
   596 | D:1      | Reached skill level 7 in Ranged Weapons
   596 | D:1      | Reached XP level 3. HP: 8/20 MP: 5/5
   650 | D:2      | 650 ||| STAIRDANCE
   688 | D:2      | Identified the +4 dagger "Iraechuu" {protect, Str+3}
   865 | D:2      | Identified the +1 short sword "Akyukhli" {spect, Dex+2}
  1040 | D:2      | 1040 ||| UPGRADING to +0 ring mail.
  1050 | D:2      | 1050 ||| DROPPING +0 leather armour.
  1051 | D:2      | 1051 ||| UPGRADING to ring of protection from fire.
  1052 | D:2      | 1052 ||| READING 3 scrolls labelled VAWOOS ZAU.
  1053 | D:2      | 1053 ||| READING scroll labelled FIAG WUGOSY.
  1054 | D:2      | 1054 ||| READING scroll labelled GYCKAR FUCU.
  1055 | D:2      | 1055 ||| DROPPING 2 scrolls of amnesia.
  1060 | D:3      | 1060 ||| PLANNING SEWER
  1071 | D:3      | Reached XP level 4. HP: 25/25 MP: 6/6
  1192 | D:3      | Found a stormy altar of Qazlal.
  1211 | D:3      | Noticed Jessica
  1214 | D:3      | Killed Jessica
  1215 | D:3      | Reached skill level 8 in Ranged Weapons
  1217 | D:3      | Found a glowing drain.
  1231 | D:3      | HP: 6/25 [poisoned by an adder]
  1234 | D:3      | HP: 2/25 [giant cockroach (2)]
  1339 | Sewer    | Entered a sewer
  1365 | Sewer    | Reached XP level 5. HP: 29/29 MP: 7/7
  1387 | Sewer    | HP: 7/29 [kobold/+1 dagger of venom (1)]
  1388 | Sewer    | HP: 3/29 [poisoned by a kobold]
  1388 | Sewer    | Slain by a kobold

Levels and vault maps discovered:
D:1:      evilmike_arrival_hilbert_curve, layout_basic,
          hellmonk_ecumenical_altar_arch_garden, hangedman_decor_opposing
D:2:      layout_rooms
D:3:      layout_basic, nicolae_overflow_hidden_temple,
          nicolae_qazlal_general_emergency, mainiacjoe_overflow_six_doors_small,
          gup_sewer_entry_glass, kennysheep_generic_room_2, uniq_jessica
Sewer:    sewer_minmay_treatment

Skill      XL: |  1  2  3  4 |
---------------+-------------+-----
Ranged Weapons | 6 7 8 |  8.5
Fighting       | |  1.5
Dodging        | |  2.4
Stealth        | |  1.2

Action                     |  1- 3 |  4- 6 || total
---------------------------+-------+-------++-------
   Fire: Shortbow          |    66 |    55 ||   121
    Use: Scroll            |     7 |       ||     7
 Armour: Leather armour    |     6 |       ||     6
         Ring mail         |       |    18 ||    18
  Dodge: Dodged            |    29 |    24 ||    53

Table legend:
 A = Non-vault XP
 B = Vault XP
 C = Vault XP percentage of total XP
 D = Non-vault monster count
 E = Vault monster count
 F = Vault count percentage of total count
                 A         B        C        D         E       F
            +---------+---------+-------+---------+---------+-------
      Total |     126 |      85 |  40.3 |      26 |      10 |  27.8
            +---------+---------+-------+---------+---------+-------
        D:1 |      71 |       0 |   0.0 |       9 |       0 |   0.0
        D:2 |      23 |       0 |   0.0 |      11 |       0 |   0.0
        D:3 |      32 |      66 |  67.3 |       6 |       4 |  40.0
      Sewer |       0 |      19 | 100.0 |       0 |       6 | 100.0
            +---------+---------+-------+---------+---------+-------
